 Dungeon Crawl Stone Soup version 0.28-a0-1387-g3a22ab9bdc (webtiles) character file.

Game seed: 9611956606548617564

653 ragingrage the Chopper (level 7, -4/40 HPs)
             Began as a Gargoyle Artificer on Jan 3, 2022.
             Slain by a hornet zombie (8 damage)
             ... on level 5 of the Dungeon.
             The game lasted 00:05:00 (5415 turns).

ragingrage the Chopper (Gargoyle Artificer)         Turns: 5415, Time: 00:05:01

Health: -4/40      AC: 12    Str: 20    XL:     7   Next: 54%
Magic:  7/7        EV: 12    Int:  9    God:
Gold:   171        SH:  0    Dex: 18    Spells: 6/6 levels left

rFire   + . .      SeeInvis .   t - +0 hand axe
rCold   . . .      Faith    .   x - orb {*Rage}
rNeg    + . .      Spirit   .   o - +4 leather armour "Xiceho" {rF+}
rPois   ∞          Reflect  .   (helmet restricted)
rElec   +          Harm     .   (no cloak)
rCorr   .          Rampage  .   (no gloves)
Will    .....      Rage     20% (no boots)
Stlth   ++........              q - amulet of regeneration
HPRegen 0.93/turn               u - +6 ring of dexterity
MPRegen 0.10/turn               (no ring)

@: no status effects
A: sickness immunity, AC +4, negative energy resistance 1, electricity
resistance, torment resistance 1, petrification resistance, antennae 1, agile 1,
dopey 1, strong 1
a: no special abilities


You were on level 5 of the Dungeon.
You visited 1 branch of the dungeon, and saw 5 of its levels.

You collected 171 gold pieces.

Inventory:

Hand Weapons
 t - a +0 hand axe (weapon)
Missiles
 l - 2 javelins
 r - a throwing net
 s - 15 poisoned darts
Armour
 o - the +4 leather armour "Xiceho" (worn) {rF+}
   (You found it on level 3 of the Dungeon)

   rF:        It protects you from fire.
 x - an orb of wrath (worn)
Jewellery
 q - an amulet of regeneration (around neck)
 u - a +6 ring of dexterity (left hand)
 w - an amulet of reflection
 z - a ring of fire
Wands
 b - a wand of polymorph (11)
 c - a wand of flame (15) (quivered)
 d - a wand of charming (14)
Scrolls
 a - 6 scrolls of identify {unknown}
 f - 2 scrolls of noise {unknown}
 g - 2 scrolls of blinking {unknown}
 h - a scroll of immolation {unknown}
 i - a scroll of enchant armour {unknown}
 j - a scroll of fog {unknown}
 k - a scroll of vulnerability {unknown}
 m - 3 scrolls of teleportation {unknown}
 n - a scroll of silence {unknown}
 p - a scroll of torment {unknown}
 v - a scroll of magic mapping {unknown}
 y - a scroll of summoning {unknown}
Miscellaneous
 e - a piece from Xom's chessboard (15/15)


   Skills:
 - Level 2.1 Fighting
 + Level 6.0 Axes
 - Level 2.9 Armour
 - Level 1.5 Dodging
 - Level 2.3 Stealth
 - Level 3.1 Evocations


You had 6 spell levels left.
You didn't know any spells.
Your spell library contained the following spells:

 Spells                   Type           Power      Damage    Failure   Level
 Portal Projectile        Hex/Tloc       0%         N/A       80%         3
 Blade Hands              Tmut           0%         N/A       100%        5
 Excruciating Wounds      Necr           0%         N/A       100%        5


Dungeon Overview and Level Annotations

Branches:
Dungeon (5/15)
 Temple: D:4-7

Altars:
Cheibriados
Dithmenos
Fedhas
Trog
Zin

Shops:
D:5 :

Annotations:
D:2 Sigmund


Innate Abilities, Weirdness & Mutations

You are immune to sickness and miasma.
Your stone body is resilient. (AC +4)
You are immune to poison.
You resist negative energy. (rN+)
You are resistant to electric shocks. (rElec)
You are resistant to unholy torment.
You are immune to petrification.
You have a pair of small antennae on your head.
You are agile. (Dex +2)
You are dopey. (Int -2)
Your muscles are strong. (Str +2)


Message History

The iguana is lightly wounded.
You hit the hornet zombie. The hornet zombie hits you.
The iguana barely misses you.
You hit the iguana.
The iguana is moderately wounded.
You closely miss the hornet zombie. The hornet zombie barely misses you.
The iguana bites you!
* * * LOW HITPOINT WARNING * * *
You aren't carrying any potions.
You hit the hornet zombie.
The hornet zombie is moderately damaged.
You closely miss the iguana. The hornet zombie hits you.
* * * LOW HITPOINT WARNING * * *
The iguana barely misses you.
The hornet zombie hits you but does no damage.
You hit the hornet zombie.
The hornet zombie is heavily damaged.
You hit the iguana but do no damage. The iguana closely misses you.
The hornet zombie closely misses you.
You hit the hornet zombie.
The hornet zombie is heavily damaged.
You closely miss the iguana.
The hornet zombie hits you but does no damage.
The iguana misses you.
You slash the hornet zombie!
The hornet zombie is severely damaged.
You hit the iguana but do no damage.
The sentinel's mark upon you fades away.
The hornet zombie hits you!
* * * LOW HITPOINT WARNING * * *
The iguana bites you but does no damage.
The hornet zombie barely misses you.
You hit the hornet zombie.
The hornet zombie is severely damaged.
You hit the iguana but do no damage. The iguana misses you.
The hornet zombie hits you but does no damage.
You hit the hornet zombie but do no damage.
The hornet zombie is severely damaged.
You hit the iguana but do no damage. The hornet zombie hits you!
You die...

.# #..#######
.###.........
.............
.##...######.. .######
#.# .# #.# ## #.###
#...######## ########
#.#.Z@l....#
#..(...####...######.#
#.###........##
#.###..####..#
#.#.......[..#
#.#....#.##.##
##.#....#.##.#
##...#........
####..........


You could see an iguana and a hornet zombie.

Vanquished Creatures
  A black bear (D:4)
  A phantom (D:5)
  A water moccasin zombie (D:5)
  A scorpion (D:5)
  3 hounds
  An orc priest (D:3)
  A gnoll shaman (D:3)
  4 iguanas
  4 adders
  A white imp (D:4)
  An adder skeleton (D:4)
  A worm (D:4)
  3 dart slugs
  7 orcs
  6 bats
  3 endoplasms
  A giant cockroach (D:2)
  9 goblins
  3 hobgoblins
  6 jackals
  2 quokkas
  6 ball pythons
  5 frilled lizards
  2 rats
73 creatures vanquished.

Vanquished Creatures (others)
  An orc wizard (D:3)
  2 orcs (D:2)
  An endoplasm (D:3)
  A goblin (D:3)
  4 fungi (D:5)
9 creatures vanquished.

Grand Total: 82 creatures vanquished

Notes
Turn   | Place    | Note
-------+----------+-------------------------------------------
     0 | D:1      | ragingrage the Gargoyle Artificer began the quest for the
                  | Orb.
     0 | D:1      | Reached XP level 1. HP: 12/12 MP: 1/1
   216 | D:1      | Reached skill level 1 in Dodging
   216 | D:1      | Reached XP level 2. HP: 13/16 MP: 2/2
   988 | D:2      | Noticed Sigmund
  1193 | D:2      | Reached XP level 3. HP: 15/21 MP: 3/3
  1605 | D:2      | Found a faded altar of an unknown god.
  2422 | D:3      | Reached XP level 4. HP: 6/26 MP: 4/4
  2852 | D:3      | Reached skill level 1 in Axes
  2926 | D:3      | Identified the +4 leather armour "Xiceho" {rF+}
  3420 | D:4      | Gained mutation: You are robust. (+10% HP) [potion of
                  | mutation]
  3420 | D:4      | Gained mutation: You sometimes lose the ability to read
                  | scrolls when taking damage. [potion of mutation]
  3420 | D:4      | Gained mutation: Your flesh is cold resistant. (rC+)
                  | [potion of mutation]
  3420 | D:4      | Gained mutation: You have a pair of small antennae on your
                  | head. [potion of mutation]
  3446 | D:3      | Reached skill level 2 in Axes
  3446 | D:3      | Reached XP level 5. HP: 33/33 MP: 5/5
  3794 | D:4      | Lost mutation: You are robust. (+10% HP) [potion of
                  | mutation]
  3794 | D:4      | Lost mutation: Your flesh is cold resistant. (rC+) [potion
                  | of mutation]
  3794 | D:4      | Lost mutation: You sometimes lose the ability to read
                  | scrolls when taking damage. [potion of mutation]
  3794 | D:4      | Gained mutation: You are dopey. (Int -2) [potion of
                  | mutation]
  3794 | D:4      | Gained mutation: Your muscles are strong. (Str +2) [potion
                  | of mutation]
  3794 | D:4      | Gained mutation: You are agile. (Dex +2) [potion of
                  | mutation]
  4046 | D:4      | Noticed a black bear
  4059 | D:4      | Killed a black bear
  4060 | D:4      | Reached skill level 3 in Axes
  4060 | D:4      | Reached XP level 6. HP: 35/35 MP: 6/6
  4094 | D:4      | Reached skill level 4 in Axes
  4667 | D:5      | Entered Level 5 of the Dungeon
  4747 | D:5      | Found a glowing silver altar of Zin.
  4747 | D:5      | Found a shadowy altar of Dithmenos.
  4759 | D:5      | Reached XP level 7. HP: 40/40 MP: 7/7
  4786 | D:5      | Found a snail-covered altar of Cheibriados.
  4918 | D:5      | Found a bloodstained altar of Trog.
  4939 | D:5      | Found Citiys's Book Shoppe.
  4969 | D:5      | Reached skill level 5 in Axes
  5021 | D:5      | Found a blossoming altar of Fedhas.
  5312 | D:5      | Reached skill level 6 in Axes
  5413 | D:5      | HP: 2/40 [hornet zombie (7)]
  5415 | D:5      | Slain by a hornet zombie

Illustrated notes

Levels and vault maps discovered:
D:1:      dpeg_arrival_rooms_a, layout_basic
D:2:      layout_loops_corners, shapermc_ecumenical_altar_mp_vishouse,
          kennysheep_generic_room_2, uniq_sigmund
D:3:      minmay_evil_eye, layout_rooms, portal_sewer_entry_e,
          palyth_stone_intersect, chequers_serial_rivers_marsh, st_stairs_4,
          nicolae_figureground_sparkle
D:4:      layout_loops_corners, minivault_11
D:5:      minmay_angry_zag, layout_loops_cross, mainiacjoe_overflow_24_doors,
          mainiacjoe_overflow_chevrons, grunt_temple_overflow_open,
          serial_shops, shop

Skill      XL: |  1  2  3  4  5  6  7 |
---------------+----------------------+-----
Dodging        | 1 |  1.5
Evocations     | 3 |  3.1
Stealth        | 2 |  2.3
Fighting       | 2 |  2.1
Axes           | 2 3 4 6 |  6.0
Armour         | |  2.9

Action                   |  1- 3 |  4- 6 |  7- 9 || total
-------------------------+-------+-------+-------++-------
Melee: Club              |    22 |       |       ||    22
       Mace              |    93 |     3 |       ||    96
       Hand axe          |       |   129 |    54 ||   183
Evoke: Wand              |     4 |     2 |       ||     6
       Piece from Xom's  |     1 |       |       ||     1
  Use: Potion            |       |     4 |       ||     4
 Stab: Sleeping          |     1 |     4 |       ||     5
Armor: Leather armour    |    69 |    65 |    24 ||   158
Dodge: Dodged            |   106 |    87 |    27 ||   220

Table legend: (Time is in decaauts)
 A = Elapsed time spent in this place.
 B = Non-inter-level travel time spent in this place.
 C = Inter-level travel time spent in this place.
 D = Time resting spent in this place.
 E = Time spent auto-exploring this place.
 F = Levels seen in this place.
 G = Mean time per level.
                   A        B        C        D        E       F      G
               +--------+--------+--------+--------+--------+-----+--------+
         Total |   5626 |   5347 |    279 |   1074 |   3245 |   5 | 1125.2 |
       Dungeon |   5626 |   5347 |    279 |   1074 |   3245 |   5 | 1125.2 |
               +--------+--------+--------+--------+--------+-----+--------+

Top non-repeatable levels by time:
     D:2: 1290 daAuts
     D:4: 1235 daAuts
     D:3: 1156 daAuts
     D:1: 1153 daAuts
     D:5: 791 daAuts
